[Event "3rd Rio Open 2024"]
[Site "Rio de Janeiro"]
[Date "2024.04.28"]
[Round "8.2"]
[White "De Albuquerque, Ian Telek C."]
[Black "Matsuura, Everaldo"]
[Result "0-1"]
[ECO "C91"]
[WhiteElo "2134"]
[BlackElo "2380"]
[Annotator "TA"]
[PlyCount "68"]
[EventDate "2024.04.12"]
[EventType "swiss"]
[EventCountry "BRA"]
[SourceTitle "playchess.com"]
[Source "ChessBase"]
[SourceQuality "1"]
[TimeControl "5400+30"]

1. e4 e5 2. Nf3 Nc6 3. Bb5 a6 4. Ba4 Nf6 5. O-O Be7 6. Re1 b5 7. Bb3 O-O 8. d4 d6 9. c3 Bg4 10. Be3 Na5 11. Bc2 exd4 12. cxd4 c5 13. Nbd2 cxd4 14. Bxd4 Nc6 15. Be3 d5 16. h3 Bh5 17. Qe2 Bb4 {[%emt 0:33:56] Black is slightly better.} 18. exd5 (18. g4 {looks sharper.} Bg6 19. exd5 Nxd5 20. Bxg6 hxg6 21. a3) 18... Nxd5 19. a3 Bxf3 20. Qxf3 (20. Qd3 $15 Nf6 21. Qxd8 (21. gxf3 Qxd3 22. Bxd3 Bxd2 $17) (21. axb4 Nxb4 22. Qxd8 Rfxd8 $17) 21... Rfxd8 22. axb4 Nxb4 23. Bf5) 20... Nxe3 $17 21. Qxe3 (21. fxe3 $17 {only move.} Bxd2 22. Re2) 21... Bxd2 $19 22. Qe4 {[%emt 0:00:17][%csl Gc2][%cal Re4h7] [#]} f5 23. Qxc6 Bxe1 24. Rxe1 Qf6 25. Qd5+ Kh8 26. Qe5 (26. Qb3 $142) 26... Qxe5 27. Rxe5 {[%emt 0:00:01][%mdl 4096] Endgame. KRR-KRB} g6 28. a4 $2 (28. Kf1) 28... Rfe8 {[%emt 0:00:45] Black is clearly winning.} 29. Rxe8+ Rxe8 30. axb5 axb5 {[%emt 0:00:23] KR-KB} 31. Bd3 Re1+ 32. Kh2 b4 33. b3 Rc1 {[%emt 0:02:27] [#] ...Rc3 is the strong threat.} 34. f3 Rc3 {[%emt 0:00:20][%csl LRb3,LRd3] Black took control after the opening.   Weighted Error Value: White=0.86/Black=0.16 (very precise) .  Loses game:     	White=1     	---        Mistake:       	White=3     	---        Inaccurate:     	White=3     	---        OK:         	White=5     	Black=5      Best:        	White=1     	Black=5} 0-1

[Event "3rd Rio Open 2024"]
[Site "Rio de Janeiro"]
[Date "2024.04.28"]
[Round "8.3"]
[White "Marra, Eduardo da Costa"]
[Black "Labussiere, Yago"]
[Result "1/2-1/2"]
[ECO "B61"]
[WhiteElo "2184"]
[BlackElo "2184"]
[Annotator "TA"]
[PlyCount "48"]
[EventDate "2024.04.12"]
[EventType "swiss"]
[EventCountry "BRA"]
[SourceTitle "playchess.com"]
[Source "ChessBase"]
[SourceQuality "1"]
[TimeControl "5400+30"]

1. e4 c5 2. Nf3 d6 3. d4 cxd4 4. Nxd4 Nf6 5. Nc3 Nc6 6. Bg5 Bd7 7. Qd2 h6 8. Bxf6 gxf6 9. O-O-O {[%emt 0:05:31] White is more active.} Nxd4 {[%emt 0:00:23] White is slightly better.} 10. Qxd4 Qa5 11. Kb1 Rc8 12. Bc4 ({Better is} 12. f4 $1 $14) 12... Qc5 13. Bb3 Qxd4 14. Rxd4 e6 15. Rd3 a6 16. f4 Rg8 17. Rg3 Rxg3 18. hxg3 Bc6 19. f5 Ke7 20. Rh4 Bg7 21. Ne2 Rg8 22. Nd4 Bd7 23. fxe6 fxe6 24. a3 Rc8 {[%emt 0:30:33] Weighted Error Value: White=0.13 (very precise) /Black=0.08 (flawless) .  Mistake:       	White=1     	---        Inaccurate:     	White=1     	---        OK:         	White=5     	Black=5} 1/2-1/2

[Event "3rd Rio Open 2024"]
[Site "Rio de Janeiro"]
[Date "2024.04.28"]
[Round "8.4"]
[White "Librelato, Kathie Goulart"]
[Black "Piccoli, Lucas Fonseca"]
[Result "1-0"]
[ECO "B15"]
[WhiteElo "2165"]
[BlackElo "2274"]
[Annotator "TA"]
[PlyCount "109"]
[EventDate "2024.04.12"]
[EventType "swiss"]
[EventCountry "BRA"]
[SourceTitle "playchess.com"]
[Source "ChessBase"]
[SourceQuality "1"]
[TimeControl "5400+30"]

1. e4 c6 2. d4 d5 3. Nc3 dxe4 4. Nxe4 Nf6 5. Qd3 Nxe4 6. Qxe4 Be6 {[%emt 0:00:07] Prevents Bc4.} 7. Nf3 Bd5 8. Qd3 {[%emt 0:00:30] The position is equal.} Bxf3 9. gxf3 Nd7 10. Be3 g6 11. O-O-O Nf6 12. Kb1 Bg7 13. Be2 O-O 14. h4 h5 15. Rhg1 b5 16. Rg3 (16. Bg5 $11 {might be stronger.}) 16... Qd6 (16... e6 $5) 17. Rdg1 Nd5 (17... e6 $5) 18. f4 Nxf4 19. Bxf4 Qxf4 20. Bxh5 Qxd4 (20... Qxf2 21. c3 (21. Bxg6 fxg6 22. Rxg6 Rf7 $17) 21... b4 22. Bxg6 (22. cxb4 Qxd4 23. Qxd4 Bxd4 $17) 22... fxg6 23. Rxg6 $11 (23. cxb4 $2 Qxd4 24. Qxd4 Bxd4 $19) (23. Qxg6 Rf7 $17)) 21. Qxd4 Bxd4 22. R3g2 Bf6 23. Rh1 Kg7 24. Bf3 Rac8 25. h5 Rh8 26. Be4 g5 27. f4 Kh6 28. fxg5+ Bxg5 29. c3 e6 30. Bf3 c5 31. Rd1 Rcd8 {[%emt 0:00:00] Prevents Rd7.} 32. Rgg1 Bf4 33. Kc2 Bh2 34. Rh1 {[%emt 0:00:00] [#] Rxd8 would now be deadly.} Bg3 35. Rhg1 Bd6 (35... Bh4 $15) 36. Rd3 (36. Be2 $11) 36... Be7 $15 37. Rgd1 Kg5 (37... Rxd3 $15 38. Rxd3 Rd8 39. Rxd8 Bxd8) 38. Rd7 $11 Rde8 {[%emt 0:01:03] White stays focused until the end.} ({Reject} 38... Rxd7 39. Rxd7 Kf6 40. Rxa7 $14) (38... Kf6 $11) 39. Rxa7 $16 {[%emt 0:00:00] Threatens to win with Bc6. White is much more active.} Kf6 40. Bc6 Rc8 (40... Rb8 $142 41. Rf1+ Ke5 42. Rxe7 Kd6 43. Rfxf7 (43. Rexf7 Kxc6 44. R7f6 Rxh5 $14) 43... Kxc6 44. Rxe6+ Kd5) 41. Rf1+ $18 (41. Bxb5 Rxh5 42. a4 Bd8 $18) 41... Ke5 42. Bxb5 Bg5 43. Raxf7 {[%emt 0:00:00] Re1+ would kill now.} c4 $2 (43... Bh4 $18 44. Be2 Rhg8) 44. Re1+ Kd5 45. Rd7+ Kc5 46. Re5+ Kb6 47. Rxg5 (47. Rxe6+ $142 Kc5 48. Re5+ Kb6 49. Rxg5) 47... Rhf8 48. a4 Rf2+ 49. Rd2 Rf1 {[%emt 0:00:30] [#]} 50. a5+ $1 {[%emt 0:00:16] White mates.} Ka7 (50... Kxa5 51. Bd7+) 51. Rd7+ Kb8 52. a6 Ra1 53. Rgg7 Rf8 54. Rb7+ Kc8 55. Bd7+ {[%emt 0:00:23] Weighted Error Value: White=0.12 (very precise) /Black=0.57.  Mistake:       	White=2     	Black=5      Inaccurate:     	White=4     	Black=3      OK:         	White=15    	Black=12     Best:        	White=2     	Black=2} (55. Bxc4 $142 Rd1 56. Kxd1 (56. Bxe6+ Rd7 57. Rgxd7 Re8 58. Rdc7+ Kd8 59. Rc8#) 56... Re8 57. Rgc7+ (57. Bxe6+ Rxe6 58. Rg8+ Re8 59. Rxe8#) 57... Kd8 58. a7 Rh8 59. a8=Q#) 1-0

[Event "3rd Rio Open 2024"]
[Site "Rio de Janeiro"]
[Date "2024.04.28"]
[Round "8.5"]
[White "Jorge, Denrick Cabral Jose"]
[Black "De Siqueira, Luigy Lira"]
[Result "0-1"]
[ECO "C56"]
[WhiteElo "1909"]
[BlackElo "2274"]
[Annotator "TA"]
[PlyCount "81"]
[EventDate "2024.04.12"]
[EventType "swiss"]
[EventCountry "BRA"]
[SourceTitle "playchess.com"]
[Source "ChessBase"]
[SourceQuality "1"]
[TimeControl "5400+30"]

1. e4 e5 2. Nf3 Nc6 3. d4 exd4 4. Bc4 Nf6 5. e5 d5 6. Bb5 Nd7 7. O-O Be7 8. c3 dxc3 9. Nxc3 a6 10. Ba4 {[%emt 1:04:05] Black is slightly better.} Nb6 11. Bb3 Be6 12. a3 O-O 13. Qd3 d4 ({Black should play} 13... Qd7 $17 14. h3 d4) 14. Bxe6 (14. Ne2 $1 $15) 14... dxc3 $17 15. Bf5 Qxd3 16. Bxd3 cxb2 17. Bxb2 Na4 18. Bc1 Nc5 19. Bc2 Rad8 $36 {[%emt 0:00:00][%mdl 2048] Black is on the roll.} 20. Bb2 Nd3 21. Bc3 Nf4 {[%emt 0:01:30] Black is more active. A dynamic duo of knights.} 22. Rfe1 {[%emt 0:00:00] Repels Ne2+} Bc5 23. Ng5 (23. Be4 $142) 23... h6 24. Ne4 Bb6 25. Ba4 (25. Kf1 $17 {was necessary.}) 25... Nd3 $19 26. Bxc6 (26. Red1 $142) 26... Nxe1 ({Resist} 26... bxc6 27. Re2) 27. Bxb7 Nc2 28. Rc1 {[%emt 0:00:00] [#]} a5 $1 29. a4 (29. Bc6 Nd4) 29... Nd4 (29... Rfe8 $19 {White must now prevent ...Nb4.} 30. Ba6 Nd4) 30. Kf1 $17 Rfe8 31. Nd2 (31. f4 $142) 31... Rxe5 $19 {[%emt 0:05:00][%cal Od4e2] aiming for ...Ne2!} 32. Bxd4 Bxd4 ({Don't take} 32... Rxd4 33. Nf3 Ree4 34. Bxe4 Rxe4 35. Ra1) 33. Rxc7 Bc5 34. Rc8 Rxc8 35. Bxc8 {[%emt 0:00:03][%mdl 4096] Endgame. KRB-KBN} Bb4 36. Nf3 Rc5 37. Bd7 Rc1+ 38. Ke2 Rc2+ 39. Kd3 (39. Ke3 $142) 39... Rxf2 40. Bh3 Ra2 41. g3 {[%emt 0:07:28] Weighted Error Value: White=0.29 (precise) /Black=0.11 (very precise) .  Mistake:       	White=6     	Black=2      Inaccurate:     	White=2     	Black=1      OK:         	White=7     	Black=20     Best:        	White=3     	Black=2} 0-1

[Event "3rd Rio Open 2024"]
[Site "Rio de Janeiro"]
[Date "2024.04.28"]
[Round "8.6"]
[White "Terao, Juliana Sayumi"]
[Black "Mobaier, Sergio"]
[Result "1-0"]
[ECO "B50"]
[WhiteElo "2179"]
[BlackElo "1881"]
[Annotator "TA"]
[PlyCount "69"]
[EventDate "2024.04.12"]
[EventType "swiss"]
[EventCountry "BRA"]
[SourceTitle "playchess.com"]
[Source "ChessBase"]
[SourceQuality "1"]
[TimeControl "5400+30"]

1. e4 c5 2. Nf3 e6 3. b3 d6 4. Bb2 Nf6 5. e5 dxe5 6. Nxe5 Be7 7. Bd3 Nbd7 8. f4 Qc7 (8... O-O $11) 9. O-O b6 {[%emt 0:08:58] White is slightly better.} 10. a4 Bb7 11. Na3 a6 12. Qe2 O-O 13. Rae1 Nb8 ({Black should try} 13... Nxe5 $14 14. Bxe5 Qd8) 14. Qe3 (14. f5 $18) 14... Nc6 $16 15. Nxc6 Qxc6 16. Qh3 {[%emt 0:00:00] Bxf6 is the strong threat. Active counter play!} g6 (16... Rad8 $16) 17. Nc4 (17. Re3 $18 {and White stays clearly on top.}) 17... Rad8 $2 (17... b5 $16 {keeps fighting.}) 18. Ne5 $2 (18. f5 $1 $18 {[%cal Rf5g6] is the precise move to win.}) 18... Qc7 {[%emt 0:39:03] [#]} 19. Re3 (19. Re2 $142 $1) 19... Rd4 $2 {[%emt 0:00:30] [#]} 20. Bxd4 (20. Qh6 $1 $18) 20... cxd4 21. Re2 Kg7 22. g4 h5 (22... Bd6 $16 {was necessary.}) 23. g5 ({White should play} 23. gxh5 $18 {[%cal Of4f5] Strongly threatening f5!} Rh8 24. Nxf7 Kxf7 25. Qxe6+ (25. Bxg6+ Kg7 $14) 25... Kf8 26. hxg6 (26. Bxg6 Bd8 $16)) 23... Nd5 24. Qg3 {[%cal Oe5g6] Black must now prevent Nxg6!} Bd6 25. h4 Ne7 26. Nc4 Bc5 27. Kh2 Nf5 28. Qf2 Rd8 29. Rfe1 a5 30. Ne5 (30. Kh3 $16) 30... Bd5 (30... Ba6 $1 $14) 31. Kh3 Bd6 (31... Kg8 $16) 32. Bxf5 $18 exf5 (32... Bxe5 33. Rxe5 gxf5) 33. Qxd4 Bc5 $2 (33... Qc5 34. Qxc5 bxc5) 34. Qc3 {[%emt 0:00:00] Intending Nd7+ and mate.} Bd6 35. Nc6+ {[%emt 0:02:30] Weighted Error Value: White=0.35/Black=0.56.  Loses game:     	---       	Black=1      Missed win:     	White=1     	---        Mistake:       	White=6     	Black=9      Inaccurate:     	White=1     	Black=1      OK:         	White=6     	Black=7      Best:        	White=3     	Black=2} 1-0

[Event "3rd Rio Open 2024"]
[Site "Rio de Janeiro"]
[Date "2024.04.28"]
[Round "9.1"]
[White "De Siqueira, Luigy Lira"]
[Black "Fier, Alexandr"]
[Result "0-1"]
[ECO "B77"]
[WhiteElo "2274"]
[BlackElo "2566"]
[Annotator "TA"]
[PlyCount "70"]
[EventDate "2024.04.12"]
[EventType "swiss"]
[EventCountry "BRA"]
[SourceTitle "playchess.com"]
[Source "ChessBase"]
[SourceQuality "1"]
[TimeControl "5400+30"]

1. e4 c5 2. Nf3 g6 3. Nc3 Bg7 4. d4 cxd4 5. Nxd4 Nc6 6. Be3 Nf6 7. Bc4 O-O 8. Bb3 d6 9. f3 Bd7 10. Qd2 Na5 11. Bh6 Nxb3 12. axb3 Bxh6 13. Qxh6 {[%emt 0:00:08] The position is equal.} e5 14. Nde2 b5 15. O-O-O (15. Qd2 $11 {remains equal.}) 15... b4 $17 16. Nd5 ({White should play} 16. Na4) 16... Nxd5 17. Rxd5 Be6 (17... a5 $19 {Strongly threatening ...a4.} 18. Kd2 (18. Rxd6 $2 a4 $19) 18... a4 19. bxa4 Rxa4) 18. Rd3 a5 $2 ({Black should try} 18... Qc7 $1 $17 {aiming for ...Rfc8.} 19. Kd2 f5) 19. f4 $1 $11 exf4 20. Nxf4 Qc7 {[%emt 0:04:56] ...a4 is the strong threat.} 21. Rf1 $1 Rac8 22. Rf2 Qc5 $2 {[%emt 0:02:07] Repels g4} (22... Qa7 $11 {and Black stays safe.} 23. Rdf3 (23. Nxe6 fxe6 24. Rxf8+ Rxf8 $17) 23... Bxb3 24. Nxg6 hxg6) 23. Rdf3 $18 {[%emt 0:02:13] Nxe6 would now be deadly.} d5 {[%emt 0:11:28] [#]} (23... Bxb3 $2 24. Rh3 $18) 24. Nxd5 (24. Nh5 $1 $18 gxh5 25. Rg3+ (25. Qg5+ Kh8 $18) 25... Bg4 26. Qxh5 (26. Qg5+ Kh8 $11)) 24... f5 $1 $14 (24... Bxd5 25. Rh3 (25. exd5 Rce8 $11) 25... Rfe8 (25... Qxf2 26. Qxh7#) 26. Qxh7+ Kf8 27. Qh8+ Ke7 28. Qe5+ Kd8 (28... Be6 29. Rxf7+ Kd8 30. Rd3+) 29. Qxd5+ Qxd5 30. exd5 $11) 25. Nf4 (25. Qd2 $1 $14) 25... Bxb3 $1 $40 {[%emt 0:01:31][%mdl 128] Black is up to no good.} 26. Nxg6 $1 (26. Nd3 Qc6 27. Ne5 Qa4 $19 (27... Qxe4 $2 28. Nd3 $19)) 26... Bxc2 ({And not} 26... hxg6 27. Qxg6+ Kh8 28. Rh3#) (26... Rfd8 $5 27. Ne7+ $8 (27. Rxf5 Qxc2+ 28. Rxc2 Rxc2+ 29. Kb1 Rd1+) 27... Qxe7 28. Rxb3 a4 29. Rxb4 (29. Rg3+ Kh8 $15) 29... Qxb4 30. Qg5+ Kh8 31. Qf6+ Kg8 32. Qg5+ Kf8 33. Qxf5+ (33. Rxf5+ Ke8 $11) 33... Kg7 34. Qe5+ (34. Qf6+ Kg8 $11) 34... Kg8 35. Qg5+ Kh8 36. Qe5+ Kg8 37. Qg3+ Kh8 38. Qe5+ Kg8 $11) 27. Ne7+ $2 Qxe7 $19 28. Rxc2 Rxc2+ {[%emt 0:00:54] Black mates.} 29. Kxc2 Qxe4+ {[%emt 0:00:09] KQR-KQR} 30. Kb3 {[%emt 0:00:13] [#]} a4+ $1 31. Ka2 b3+ 32. Ka3 {[%emt 0:00:08] [#]} Qe7+ $1 33. Kxa4 Rb8 34. Qd2 Qe4+ 35. Ka5 Qa8# {[%emt 0:00:04] Never resign too early!   Weighted Error Value: White=0.63/Black=0.20 (precise) .  Loses game:     	White=1     	Black=1      Mistake:       	White=4     	Black=2      Inaccurate:     	White=1     	---        OK:         	White=3     	Black=6      Best:        	White=1     	Black=4      Strong:       	White=3     	Black=2} 0-1

[Event "3rd Rio Open 2024"]
[Site "Rio de Janeiro"]
[Date "2024.04.28"]
[Round "9.2"]
[White "Matsuura, Everaldo"]
[Black "Marra, Eduardo da Costa"]
[Result "1/2-1/2"]
[ECO "C78"]
[WhiteElo "2380"]
[BlackElo "2184"]
[Annotator "TA"]
[PlyCount "57"]
[EventDate "2024.04.12"]
[EventType "swiss"]
[EventCountry "BRA"]
[SourceTitle "playchess.com"]
[Source "ChessBase"]
[SourceQuality "1"]
[TimeControl "5400+30"]

1. e4 e5 2. Nf3 Nc6 3. Bb5 a6 4. Ba4 Nf6 5. O-O b5 6. Bb3 Bc5 7. c3 d6 8. d4 Bb6 9. h3 O-O 10. Be3 h6 11. Re1 Re8 12. Nbd2 Bb7 13. d5 Ne7 14. a4 c6 15. dxc6 Bxc6 {[%emt 0:02:55] The position is equal.} 16. axb5 axb5 17. Rxa8 Bxa8 18. Qe2 Bc6 19. Ra1 Qc7 20. Bc2 Bxe3 21. Qxe3 Ra8 22. Rxa8+ Bxa8 23. Qd3 Bc6 24. Nh2 d5 25. exd5 Nexd5 {[%emt 0:00:30] [#] ...Nf4 is the strong threat.} 26. Ne4 Nf4 $2 (26... Nd7 $11 {and Black has nothing to worry.}) 27. Nxf6+ $18 gxf6 28. Qh7+ Kf8 29. Qxh6+ {[%emt 0:00:30] Weighted Error Value: White=0.04 (flawless) /Black=0.63.  Loses game:     	---       	Black=1      Mistake:       	White=1     	---        Inaccurate:     	White=1     	Black=1      OK:         	White=8     	Black=2      Best:        	White=1     	---} (29. Ng4 $142 Ke7 30. Nxh6 (30. Qxh6 Qd6 $18)) 1/2-1/2

[Event "3rd Rio Open 2024"]
[Site "Rio de Janeiro"]
[Date "2024.04.29"]
[Round "9.3"]
[White "Labussiere, Yago"]
[Black "Librelato, Kathie Goulart"]
[Result "1/2-1/2"]
[ECO "A13"]
[WhiteElo "2184"]
[BlackElo "2165"]
[Annotator "TA"]
[PlyCount "169"]
[EventDate "2024.04.12"]
[EventType "swiss"]
[EventCountry "BRA"]
[SourceTitle "playchess.com"]
[Source "ChessBase"]
[SourceQuality "1"]
[TimeControl "5400+30"]

1. c4 e6 2. g3 d5 3. Bg2 Nf6 4. Nf3 dxc4 5. Qa4+ Bd7 6. Qxc4 c5 7. Ne5 Qc8 8. Qd3 Nc6 9. Nxd7 Nxd7 10. Nc3 Be7 11. b3 O-O 12. Bb2 Rd8 13. Rc1 Nf6 14. Qb1 Qd7 15. d3 Rac8 16. O-O b6 17. Rfd1 h6 18. e3 a6 19. Ne2 b5 20. Bxf6 gxf6 21. d4 cxd4 22. Bxc6 Rxc6 23. Rxd4 Rd6 24. Rcd1 Rxd4 25. Rxd4 Qc7 26. Rxd8+ Qxd8 27. Qc2 Qd5 28. Nf4 Qc5 29. Qxc5 Bxc5 30. Nd3 Bd6 31. e4 Kg7 32. Kg2 Kg6 33. f4 f5 34. e5 Be7 35. Kf3 h5 36. h3 h4 37. g4 fxg4+ (37... f6 $1 $14) 38. hxg4 $16 f5 (38... a5 $16 39. Kg2 a4) 39. exf6 $18 Kxf6 40. Kg2 $1 Kg6 (40... Kg7 $142 41. Ne5 Kh6) 41. Kh3 $18 a5 $2 (41... Kh6 {is more resistant.} 42. Ne5 b4) 42. Ne5+ $18 Kh6 $2 (42... Kg7 43. g5 a4 44. Kxh4 Bd6) 43. a4 $18 bxa4 44. bxa4 Kg7 45. g5 Bb4 46. Kxh4 Bd2 47. Kg4 Bc3 48. Kf3 Bb4 49. Ke4 Bd2 50. Nc4 (50. Nc6 $142 Kf7 51. Ke5 Bc3+ 52. Kd6 Bb4+ 53. Kd7 (53. Nxb4 axb4 54. a5 b3 $11)) 50... Bc3 $18 51. f5 $2 (51. Ke3 $18 {is more deadly.} Bb4 52. Ke4) 51... exf5+ $16 52. Kxf5 Bb4 53. Ne5 Bc3 54. Nd3 Bd2 55. Nc5 Bc3 56. Ne6+ Kf7 57. g6+ Ke7 58. Nc5 Bg7 59. Ne4 Bd4 60. Ng5 (60. Nd2 $16) 60... Bc3 (60... Bg7 $11) 61. Ne6 ({White should try} 61. Nf3 $16) 61... Bb2 $11 62. Nf4 Bg7 63. Nh5 Bc3 64. Ke4 Bb4 65. Nf4 (65. Kf3 $16) 65... Bd2 $1 $11 66. Nh5 (66. Nd5+ $11 Ke6 67. Kd4) 66... Bb4 $1 $16 67. Ke5 Bc3+ 68. Kd5 Bd2 69. Ng3 (69. Kc5 $16) 69... Be1 {[%emt 0:00:30] [#]} (69... Bc1 $1 $11 {remains equal.}) 70. Ne4 $1 $16 Bb4 71. Ke5 Be1 72. Kd5 Bb4 $1 {[%emt 0:00:30] [#]} 73. Kc6 (73. Kd4 $1 $16) 73... Be1 $11 74. Kb5 Bb4 75. Nc5 (75. g7 $5 Kf7 $8 76. Nc5 $11) 75... Kf6 76. Nb7 Kxg6 77. Nxa5 Be1 78. Nc6 Kf6 79. Nb4 Bxb4 80. Kxb4 Ke6 81. Kc5 Kd7 82. Kb6 Kc8 83. a5 Kb8 84. a6 Ka8 85. a7 1/2-1/2

[Event "3rd Rio Open 2024"]
[Site "Rio de Janeiro"]
[Date "2024.04.29"]
[Round "9.4"]
[White "Lima, Stefan Moisei VIeira"]
[Black "Rangel, Daniel"]
[Result "1/2-1/2"]
[ECO "A45"]
[WhiteElo "2176"]
[BlackElo "2160"]
[Annotator "TA"]
[PlyCount "105"]
[EventDate "2024.04.12"]
[EventType "swiss"]
[EventCountry "BRA"]
[SourceTitle "playchess.com"]
[Source "ChessBase"]
[SourceQuality "1"]
[TimeControl "5400+30"]

1. d4 Nf6 2. Bg5 g6 3. Bxf6 exf6 4. c4 d5 5. cxd5 Qxd5 6. Nc3 Qd8 7. e3 Bd6 8. Bc4 O-O 9. Nf3 c5 10. dxc5 Bxc5 11. O-O Qxd1 12. Rfxd1 Nc6 13. Nd5 {[%emt 0:09:06][%cal Oa1c1] White is more active.} Kg7 14. Rac1 b6 15. a3 a5 {[%emt 0:03:59] [#]} 16. Nxb6 $1 Bxb6 17. Bd5 Rb8 18. Bxc6 Ba7 19. Rd2 h5 20. a4 Bg4 21. Bb5 Rbc8 22. Rdc2 Rxc2 23. Rxc2 Rd8 24. Kf1 Rd1+ 25. Ke2 Rb1 26. h3 Bxf3+ 27. Kxf3 $16 {[%emt 0:00:20][%mdl 4096] Endgame. KRB-KRB} Bb8 28. Rd2 Be5 29. Rd7 Rxb2 30. Bc4 Bc3 31. Rxf7+ Kh6 32. h4 Rb4 33. Rc7 {[%emt 0:04:57] [#] And now Bg8 would win.} Be5 $1 34. Rc6 Rxa4 35. Ke2 Rb4 36. f4 Bb2 37. Rc7 {[%emt 0:00:30][%cal Og2g4] g4! would kill now.} Rb8 38. Ra7 Bc3 39. e4 Rd8 40. Kf3 Rh8 41. g4 hxg4+ 42. Kxg4 Rh7 43. Ra8 Rc7 44. Be6 Kg7 45. h5 {Threatens to win with Rg8+.} gxh5+ 46. Kxh5 Rc5+ 47. f5 ({White should play} 47. Kg4 $14) 47... Rc7 $11 {The position is equal.} 48. Bd5 Kh7 49. Be6 Rg7 {...Be1 would now be deadly.} 50. Kh4 Be1+ 51. Kh3 Bc3 52. Bd5 Kh6 53. Rh8+ {Weighted Error Value: White=0.05 (flawless) /Black=0.05 (flawless) .  Mistake:       	White=1     	---        Inaccurate:     	White=3     	Black=3      OK:         	White=15    	Black=26     Best:        	White=3     	---        Strong:       	---       	Black=1} 1/2-1/2

[Event "3rd Rio Open 2024"]
[Site "Rio de Janeiro"]
[Date "2024.04.29"]
[Round "9.5"]
[White "Ribeiro, Matheus Mendes Domin"]
[Black "De Albuquerque, Ian Telek C."]
[Result "1-0"]
[ECO "A34"]
[WhiteElo "2228"]
[BlackElo "2134"]
[Annotator "TA"]
[PlyCount "51"]
[EventDate "2024.04.12"]
[EventType "swiss"]
[EventCountry "BRA"]
[SourceTitle "playchess.com"]
[Source "ChessBase"]
[SourceQuality "1"]
[TimeControl "5400+30"]

1. c4 c5 2. Nc3 Nf6 3. Nf3 Nc6 4. g3 d5 5. cxd5 Nxd5 6. Bg2 Nc7 7. a3 g6 8. h4 Bg4 9. Qa4 Qd7 10. O-O {[%emt 0:11:24] The position is equal.} Bg7 11. d3 Rb8 12. Ne4 b6 13. Bf4 O-O (13... Bxb2 $2 14. Rab1 Bd4 15. e3 $18) 14. Rfe1 (14. Nfg5 $11) 14... Rbc8 $15 (14... Bxb2 15. Rab1 Bg7 16. Nh2 $16 (16. Nxc5 bxc5 17. Bxc7 Bxf3 $11)) 15. Nc3 Ne6 16. Be3 Ned4 17. Nd2 Rfd8 18. Rac1 b5 19. Qa6 {[%emt 0:02:32] [#]} (19. Qd1 $15 {might be stronger.}) 19... b4 $1 $17 20. axb4 cxb4 (20... Nxb4 $17 21. Qa5 Ndc2) 21. Nd5 $1 $11 {[%emt 0:02:35] Hoping for Bxd4.} Nb8 $2 {[%emt 0:01:27][%mdl 8192] [#] A mistake that costs the game.} ({Stronger than} 21... Nxe2+ 22. Rxe2 Bxe2 (22... Nb8 $2 23. Qxc8 Rxc8 24. Rxc8+ Qxc8 25. Nxe7+ Kf8 26. Nxc8 $18) 23. Rxc6 Rxc6 24. Qxc6 $18) (21... Kf8 $11 22. Nf4 e5 23. Bxc6 Rxc6 24. Rxc6 Nxc6 (24... Qxc6 25. Qa5 $11)) 22. Qxc8 $3 $18 Rxc8 (22... Qxc8 23. Nxe7+) 23. Rxc8+ (23. Nxb4 $2 {is the wrong capture.} Rxc1 (23... Nxe2+ $2 24. Kh2 $19) 24. Rxc1 Nxe2+ (24... Bxe2 $2 25. Rc5 $19) 25. Kh2 Nxc1 $19) 23... Bf8 24. Rxb8 Nxe2+ {[%emt 0:02:04] [#]} 25. Rxe2 $1 {[%emt 0:00:44][%cal Oe3h6] White threatens Bh6! and mate.} Bxe2 (25... Kg7 26. Re1) 26. Bh6 {[%emt 0:05:37] Weighted Error Value: White=0.12 (very precise) /Black=0.77.  Loses game:     	---       	Black=1      Mistake:       	White=2     	Black=1      Inaccurate:     	White=1     	Black=3      OK:         	White=4     	Black=5      Best:        	White=1     	---        Strong:       	White=1     	Black=1      Brilliant:      	White=1     	---} 1-0